 Dungeon Crawl Stone Soup version 0.26-a0-579-g3afe4966bf (webtiles) character file.

Game seed: 6935189988740824649

9 ANON1729 the Sneak (level 2, -7/24 HPs)
             Began as a Demonspawn Delver on Aug 23, 2020.
             Mangled by Prince Ribbit (14 damage)
             ... on level 6 of the Dungeon.
             The game lasted 00:01:21 (569 turns).

ANON1729 the Sneak (Demonspawn Delver)               Turns: 569, Time: 00:01:22

Health: -7/24      AC:  3    Str: 12    XL:     2   Next: 6%
Magic:  2/2        EV: 12    Int: 11    God:
Gold:   0          SH:  0    Dex: 14    Spells: 1/1 levels left

rFire    . . .     SeeInvis .   a - +0 falchion
rCold    . . .     Faith    .   (no shield)
rNeg     . . .     Spirit   .   b - +0 leather armour
rPois    .         Reflect  .   (no helmet)
rElec    .         Harm     .   (no cloak)
rCorr    .                      (no gloves)
MR       .....                  (no boots)
Stlth    +++.......             (no amulet)
HPRegen  0.08/turn              (no ring)
MPRegen  0.08/turn              (no ring)

@: no status effects
A: talons 1
a: no special abilities


You were on level 6 of the Dungeon.
You visited 1 branch of the dungeon, and saw 3 of its levels.

Inventory:

Hand Weapons
 a - a +0 falchion (weapon)
Armour
 b - a +0 leather armour (worn)
Wands
 g - a wand of digging (3)
Scrolls
 c - a scroll of fog
 d - a scroll of magic mapping
 h - 2 scrolls of remove curse {unknown}
Potions
 f - a potion of haste
 i - a potion of invisibility {unknown}


   Skills:
 + Level 3.1 Fighting
 + Level 2.0 Long Blades
 + Level 2.0 Dodging
 + Level 4.6 Stealth


You had one spell level left.
You didn't know any spells.
Your spell library was empty.

Dungeon Overview and Level Annotations

Branches:
Dungeon (7/15)
 Temple: D:4-7

Altars:
Xom
The Shining One

Annotations:
D:6 Edmund, Prince Ribbit


Innate Abilities, Weirdness & Mutations

You have sharp toenails.


Message History

Prince Ribbit is lightly wounded.
The kobold throws a stone.
The stone closely misses you.
You climb upwards.
Level annotation: Edmund The iguana bites you.
* * * LOW HITPOINT WARNING * * *
There is a stone staircase leading down here.
As you read the scroll of fear, it crumbles to dust.
You assume a fearsome visage.
The iguana looks frightened!
Prince Ribbit looks frightened!
Prince Ribbit casts a spell.
Prince Ribbit looks slightly unstable.
You catch the helpless Prince Ribbit completely off-guard!
You hit Prince Ribbit.
Your attack snaps Prince Ribbit out of his fear.
Your kick misses Prince Ribbit.
Prince Ribbit is lightly wounded.
Prince Ribbit closely misses you. Prince Ribbit hits you!
Ouch! That really hurt!
You die...

#.........# #.#
..l.$
#.........# #.#
..##
#.........###.#
...
#.........#...#
..
#.............#
.
#######...l...#
#....>..+
#......F#
#......@#
#########


You could see Prince Ribbit and an iguana (fleeing).

Vanquished Creatures
  An adder (D:7)
1 creature vanquished.

Notes
Turn   | Place    | Note
-------+----------+-------------------------------------------
     0 | D:5      | ANON1729 the Demonspawn Delver began the quest for the Orb.
     0 | D:5      | Reached XP level 1. HP: 18/18 MP: 1/1
    23 | D:5      | Noticed a scorpion
    54 | D:6      | Noticed a bullfrog
    94 | D:6      | Noticed Edmund
   141 | D:6      | Noticed an orc warrior
   142 | D:6      | Noticed an orc wizard
   164 | D:6      | Found a glowing golden altar of the Shining One.
   234 | D:7      | Gained mutation: You have sharp toenails. [demonic
                  | ancestry]
   234 | D:7      | Reached XP level 2. HP: 9/24 MP: 2/2
   425 | D:7      | Noticed an orc warrior
   430 | D:7      | Noticed a phantom
   565 | D:7      | Found a shimmering altar of Xom.
   565 | D:7      | Found a shimmering altar of Xom.
   565 | D:7      | Noticed Prince Ribbit
   565 | D:7      | Noticed a big kobold
   569 | D:6      | Mangled by Prince Ribbit

Illustrated notes

Levels and vault maps discovered:
D:5:      layout_basic, chequers_jeans, uniq_ijyb
D:6:      layout_basic, nicolae_ashenzari_panopticon,
          nicolae_tso_besieged_by_evil, minmay_temple_entry_tees, uniq_edmund,
          uniq_maggie
D:7:      layout_cave_pools, xom_redecorated, uniq_crazy_yiuf_cottage,
          uniq_prince_ribbit1

Skill      XL: |  1 |
---------------+----+-----
Long Blades    | 2 |  2.0
Dodging        | 2 |  2.0
Fighting       | |  3.1
Stealth        | |  4.6

Action                   || total
-------------------------++-------
Melee: Falchion          ||     5
       Kick              ||     1
  Use: Scroll            ||     1
 Stab: Fleeing           ||     1
Armor: Leather armour    ||     2
Dodge: Dodged            ||    10
       Rpst.: Falchion   ||     4

Table legend: (Time is in decaauts)
 A = Elapsed time spent in this place.
 B = Non-inter-level travel time spent in this place.
 C = Inter-level travel time spent in this place.
 D = Time resting spent in this place.
 E = Time spent auto-exploring this place.
 F = Levels seen in this place.
 G = Mean time per level.
                   A        B        C        D        E       F      G
               +--------+--------+--------+--------+--------+-----+--------+
         Total |    570 |    570 |      0 |    338 |     78 |   3 |  190.0 |
       Dungeon |    570 |    570 |      0 |    338 |     78 |   3 |  190.0 |
               +--------+--------+--------+--------+--------+-----+--------+

Top non-repeatable levels by time:
     D:7: 264 daAuts
     D:6: 255 daAuts
     D:5: 51 daAuts
